 Dungeon Crawl Stone Soup version 0.30-a0-862-g1aabd4f9c5 (webtiles) character file.

Game seed: 1908024309631958331

54 NinjaNoafa the Trooper (level 3, -4/34 HPs)
             Began as a Hill Orc Monk on Mar 8, 2023.
             Slain by Terence
             ... wielding a +0 hand axe
              (7 damage)
             ... on level 2 of the Dungeon.
             The game lasted 00:02:12 (985 turns).

NinjaNoafa the Trooper (Hill Orc Monk)               Turns: 985, Time: 00:02:13

Health: -4/34      AC:  3    Str: 15    XL:     3   Next: 91%
Magic:  3/3        EV: 12    Int: 10    God:
Gold:   94         SH:  0    Dex: 13    Spells: 2/2 levels left

rFire   . . .      SeeInvis .    a - +0 hand axe
rCold   . . .      Faith    .    (no shield)
rNeg    . . .      Spirit   .    b - +1 robe
rPois   .          Reflect  .    (no helmet)
rElec   .          Rampage  .    (no cloak)
rCorr   .                        (no gloves)
Will    .....                    (no boots)
Stlth   ++                       (no amulet)
HPRegen 0.25/turn                (no ring)
MPRegen 0.08/turn                (no ring)

@: weak-willed
A: no striking features
a: no special abilities


You were on level 2 of the Dungeon.
You visited 1 branch of the dungeon, and saw 2 of its levels.

You collected 94 gold pieces.

Inventory:

Hand Weapons
 a - a +0 hand axe (weapon)
Missiles
 h - 3 boomerangs (quivered)
Armour
 b - a +1 robe (worn)
Jewellery
 f - a +4 ring of protection
Scrolls
 d - 3 scrolls of identify
 i - a scroll of fear
 j - a scroll of vulnerability


   Skills:
 + Level 4.7 Fighting
 - Level 4.0 Axes
 + Level 2.5 Armour
 - Level 2.4 Dodging
 - Level 1.5 Stealth


You had 2 spell levels left.
You didn't know any spells.
Your spell library was empty.

Dungeon Overview and Level Annotations

Branches:
Dungeon (2/15)

Altars:

Annotations:
D:2 Terence


Message History

Terence hits you with a +0 hand axe.
* * * LOW HITPOINT WARNING * * *
As you read the scroll of enchant armour, it crumbles to dust.
Your +0 robe glows green for a moment.
Terence hits you with a +0 hand axe!
* * * LOW HITPOINT WARNING * * *
Terence attacks as you move away! Terence misses you.
You don't currently have any unidentified items.
As you read the scroll of fear, it crumbles to dust.
You assume a fearsome visage.
Terence looks frightened!
Terence yells at you, "GO AWAY!"
Found a stone staircase leading down.
There is a stone staircase leading down here.
Found an escape hatch in the floor.
Found an escape hatch in the ceiling.
An endoplasm comes into view.
Found 7 stones.
You hit the endoplasm.
The endoplasm is heavily wounded.
The endoplasm closely misses you.
You hit the endoplasm.
You kill the endoplasm!
Found a scroll of vulnerability.
An adder comes into view.
Found 4 gold pieces.
The adder hisses angrily.
Terence hits you with a +0 hand axe.
* * * LOW HITPOINT WARNING * * *
Terence attacks as you move away! Terence hits you with a +0 hand axe.
* * * LOW HITPOINT WARNING * * *
Terence hits you but does no damage.
You see here a scroll of vulnerability.
j - 2 scrolls of vulnerability (gained 1) Terence hits you with a +0 hand axe.
* * * LOW HITPOINT WARNING * * *
The adder bites you.
* * * LOW HITPOINT WARNING * * *
Really read the scroll of vulnerability?
As you read the scroll of vulnerability, it crumbles to dust.
Magic quickly surges around you. Terence hits you with a +0 hand axe!
You die...

##.###.##.#.# #.#
... .S##.#.# #.# ...
..##.#.# #@# #.#
#.##.#.###.# #.#
#.##.....#.#
#.###.##.....#.###
#.................
#S@.....>....#.###
#@##...#.....#>#
#.$....#.....###.###
#.......<##### #....
.......#.## #####
#........(#
###.....### #######


You could see Terence (weak-willed) and an adder (weak-willed).

Vanquished Creatures
  Natasha (D:2)
  3 endoplasms
  8 goblins
  3 hobgoblins (D:1)
  2 jackals (D:2)
  2 ball pythons (D:1)
  3 bats (D:1)
  3 frilled lizards (D:1)
  2 kobolds (D:1)
  A rat (D:1)
28 creatures vanquished.

Notes
Turn   | Place    | Note
-------+----------+-------------------------------------------
     0 | D:1      | NinjaNoafa the Hill Orc Monk began the quest for the Orb.
     0 | D:1      | Reached XP level 1. HP: 19/19 MP: 1/1
    61 | D:1      | Found a faded altar of an unknown god.
   131 | D:1      | Reached skill level 1 in Armour
   131 | D:1      | Reached XP level 2. HP: 22/27 MP: 2/2
   777 | D:2      | Reached XP level 3. HP: 33/34 MP: 3/3
   886 | D:2      | Noticed Natasha
   896 | D:2      | Killed Natasha
   919 | D:2      | Noticed Terence
   985 | D:2      | Slain by Terence

Illustrated notes

Levels and vault maps discovered:
D:1:      onia_arrival_pentagram, layout_basic, basic_ecumenical_altar,
          dreamdust_mushroom_princess
D:2:      layout_loops_ring, minmay_tromino_v2, uniq_natasha, uniq_terence

Skill      XL: |  1  2  3 |
---------------+----------+-----
Armour         | 1 2 |  2.5
Fighting       | 4 |  4.7
Axes           | |  4.0
Dodging        | |  2.4
Stealth        | |  1.5

Action                     || total
---------------------------++-------
  Melee: Hand axe          ||    98
         Punch             ||     1
    Use: Scroll            ||     6
         Potion            ||     3
 Armour: Robe              ||    19
  Dodge: Dodged            ||    83

Table legend: (Time is in decaauts)
 A = Elapsed time spent in this place.
 B = Non-inter-level travel time spent in this place.
 C = Inter-level travel time spent in this place.
 D = Time resting spent in this place.
 E = Time spent auto-exploring this place.
 F = Levels seen in this place.
 G = Mean time per level.
                   A        B        C        D        E       F      G
               +--------+--------+--------+--------+--------+-----+--------+
         Total |   1000 |    970 |     30 |      0 |    488 |   2 |  500.0 |
       Dungeon |   1000 |    970 |     30 |      0 |    488 |   2 |  500.0 |
               +--------+--------+--------+--------+--------+-----+--------+

Top non-repeatable levels by time:
     D:1: 762 daAuts
     D:2: 237 daAuts
